[Event "*** Titled Tuesday 3|2 Blitz"]
[Site "Chess.com"]
[Date "2015.09.01"]
[Round "5"]
[White "MITerryble"]
[Black "nightmaresknight"]
[Result "1-0"]
[WhiteElo "2578"]
[BlackElo "2336"]
[TimeControl "180+2"]
[EndTime "12:01:19 PDT"]
[Termination "MITerryble won by resignation"]

1. d4 d5 2. Nf3 Nf6 3. c4 dxc4 4. e3 e6 5. Bxc4 c5 6. O-O a6 7.
dxc5 Qxd1 8. Rxd1 Bxc5 9. Nbd2 O-O 10. Nb3 Be7 11. Be2 b5 12. a4 b4 13. Ne5 Bb7 14. Na5 Bd5 15. f3 Bc5 16. Kf1 Ra7 17. e4 Ba8 18. Nb3 Rc7 19. Bf4 Nh5 20. Nxc5 Rxc5 21.
Nd3 Rcc8 22. Bd6 Rfd8 23. Bxb4 Nc6 24. Bc3 Nf6 25. Nb4 Nxb4 26. Bxb4 Bb7 27. Rxd8+ Rxd8 28.
Rc1 Ne8 29. Kf2 f6 30. Ke3 Kf7 31. Ba5 Rd7 32. Rc3 Nd6 33. Rb3 Bc6 34. Rb4 f5 35. Bb6 Bb7 36. e5 Nc8 37. Bc5 g5 38. g3 Ne7 39.
Bxe7 Kxe7 40. a5 Bc8 41. Rb8 Rc7 42. Ra8 Rc5 43. f4 gxf4+ 44. gxf4 Bb7 45. Ra7 1-0

[Event "*** Titled Tuesday 3|2 Blitz"]
[Site "Chess.com"]
[Date "2015.09.01"]
[Round "5"]
[White "Zlatan56"]
[Black "DanielNaroditsky"]
[Result "0-1"]
[WhiteElo "2548"]
[BlackElo "2540"]
[TimeControl "180+2"]
[EndTime "12:01:29 PDT"]
[Termination "DanielNaroditsky won by resignation"]

1. Nf3 d5 2. g3 c6 3. Bg2 Bg4 4. c4 e6 5. O-O Nd7 6. cxd5 cxd5 7. d3 Ngf6 8. Qb3 Bxf3 9. Bxf3 Nc5 10. Qb5+ Qd7 11.
Nc3 a6 12. Qxd7+ Ncxd7 13. Bf4 h6 14. Rfc1 g5 15. Bd2 Bd6 16. d4 Ke7 17. Rc2 Rhc8 18.
Rac1 Rc6 19. e4 dxe4 20. Nxe4 Rxc2 21. Rxc2 Nd5 22. Nxd6 Kxd6 23. Bxd5 Kxd5 24. Rc7 Kd6 25. Rxb7 Rb8 26. Rxb8 Nxb8 27. h4 f6 28. Bb4+ Kd5 29.
Bf8 gxh4 30. gxh4 h5 31. Bc5 Nc6 32. Kf1 e5 33. dxe5 Kxc5 34. exf6 Kd6 35. Ke2 Ke6 36. Ke3 Kxf6 37. Ke4 Ke6 38. a3 Ne5 39. b4 Nc4 40. a4 Nb6 41. a5 Nd5 42. Kd4 Kd6 43. Kc4 Kc6 44. f3 Ne3+ 45. Kd4 Nf5+ 46. Ke5 Nxh4 47. Kf4 Kb5 0-1

[Event "*** Titled Tuesday 3|2 Blitz"]
[Site "Chess.com"]
[Date "2015.09.01"]
[Round "5"]
[White "PowerThinking2650"]
[Black "SidArun"]
[Result "0-1"]
[WhiteElo "2085"]
[BlackElo "1934"]
[TimeControl "180+2"]
[EndTime "12:01:30 PDT"]
[Termination "SidArun won by resignation"]

1. e4 c6 2. d4 d5 3. Nc3 dxe4 4. Nxe4 Bf5 5. Ng3 Bg6 6. Nf3 Nd7 7. h4 h6 8. h5 Bh7 9. Bd3 Bxd3 10. Qxd3 e6 11. Bd2 Ngf6 12. O-O-O Be7 13. Kb1 c5 14. Ne4 Nxe4 15.
Qxe4 Qb6 16. d5 Nf6 17. Qa4+ Kf8 18. dxe6 fxe6 19. Ne5 Rg8 20. g4 Qa6 21. Qf4 Bd6 22.
Bc3 Ke8 23. Rhe1 Rd8 24. f3 b5 25. b3 c4 26. Qe3 b4 27. Bd4 Nd5 28. Qe4 Bxe5 29.
Bxe5 c3 30. Qg6+ Ke7 31. Ka1 Qa3 32. Rb1 Qa6 33. Bxg7 Rdf8 34. Bxf8+ Kxf8 35. Qxe6 Qxe6 36. Rxe6 Kf7 37. Rd6 Ne3 38. Rc1 Re8 39. Rd4 Nxc2+ 40. Kb1 Nxd4 41. a3 a5 0-1

[Event "*** Titled Tuesday 3|2 Blitz"]
[Site "Chess.com"]
[Date "2015.09.01"]
[Round "5"]
[White "AnastasiaProtopopova"]
[Black "fumeynoel"]
[Result "1-0"]
[WhiteElo "1785"]
[BlackElo "1590"]
[TimeControl "180+2"]
[EndTime "12:01:39 PDT"]
[Termination "AnastasiaProtopopova won on time"]

1. Nf3 d5 2. d4 Nf6 3. c4 Bf5 4.
cxd5 Nxd5 5. Nc3 e6 6. e3 Bb4 7. Bd2 O-O 8. Bc4 c6 9. O-O Be7 10. Qe2 Bg4 11. h3 Bh5 12. e4 Nf6 13. Be3 h6 14.
Rad1 Nbd7 15. e5 Nd5 16. Ne4 N7b6 17. Bd3 Na4 18. Ng3 Bxf3 19. gxf3 Nxe3 20. fxe3 Bh4 21. Ne4 f5 22. exf6 Bxf6 23. Qg2 Qb6 24. b3 Nb2 25. Qxb2 Qc7 26. Qg2 Rad8 27. Kh1 Rd5 28. Rg1 Qf7 29. Qg6 Qxg6 30. Rxg6 Rh5 31. Nxf6+ Rxf6 32. Rxf6 gxf6 33. Kh2 f5 34. Bc4 Kf7 35. f4 Kf6 36.
Be2 Kg6 37. Rg1+ Rg5 38. fxg5 hxg5 39. h4 g4 40. Kg3 Kh5 41. Kf4 b6 42. e4 a6 43.
exf5 exf5 44. Kxf5 Kxh4 45. Bxg4 c5 46. Kf4 1-0

[Event "*** Titled Tuesday 3|2 Blitz"]
[Site "Chess.com"]
[Date "2015.09.01"]
[Round "5"]
[White "Fh2411"]
[Black "stepanosinovsky"]
[Result "0-1"]
[WhiteElo "2195"]
[BlackElo "2300"]
[TimeControl "180+2"]
[EndTime "12:01:42 PDT"]
[Termination "stepanosinovsky won by resignation"]

1. e4 Nc6 2. Nf3 e5 3. Bc4 Nf6 4. d3 Be7 5. O-O d5 6. exd5 Nxd5 7. Re1 Bg4 8. c3 O-O 9. h3 Bh5 10. Bb3 Nb6 11. Qe2 Kh8 12. Nbd2 f5 13. Qf1 Bd6 14. Nh2 Qf6 15. Ndf3 h6 16. Be3 Rae8 17. Bd1 Nd5 18. Kh1 g5 19. Ng1 Bg6 20. f3 h5 21. Qf2 Kh7 22. Qd2 Nf4 23. Bxf4 gxf4 24. Bc2 Rg8 25.
Ne2 Ne7 26. d4 Nd5 27. dxe5 Qxe5 28. Nd4 Ne3 29. Nf1 c5 30. Nxf5 Bxf5 31. Bxf5+ Qxf5 32. Qxd6 Re6 33. Qc7+ Rg7 34. Qc8 Reg6 35. Nxe3 Qxc8 36.
Nd5 Rxg2 37. Nxf4 R2g3 38. Kh2 Qf5 39. Re4 h4 40. Rae1 Rxf3 0-1

[Event "*** Titled Tuesday 3|2 Blitz"]
[Site "Chess.com"]
[Date "2015.09.01"]
[Round "5"]
[White "Maitreia"]
[Black "AleksandrNevski"]
[Result "0-1"]
[WhiteElo "2458"]
[BlackElo "2318"]
[TimeControl "180+2"]
[EndTime "12:01:43 PDT"]
[Termination "AleksandrNevski won on time"]

1. c4 e6 2. g3 d5 3. Nf3 Nf6 4. Bg2 Be7 5. O-O O-O 6. b3 a5 7.
Bb2 a4 8. d3 c6 9. Nbd2 Nbd7 10. Qc2 Qa5 11. e4 dxe4 12. dxe4 e5 13. Rfb1 Qc7 14.
Bc3 axb3 15. axb3 Rxa1 16. Rxa1 Re8 17. Qb2 Bf8 18. b4 b6 19. Bh3 Bb7 20. Ra7 Qb8 21. Ra1 c5 22. bxc5 Bxc5 23. Re1 Bc6 24. Kg2 Qb7 25. Bxd7 Qxd7 26. Nxe5 Rxe5 27. Bxe5 Ng4 28. Bxg7 Nxf2 29. Kf1 Qh3+ 30. Ke2 Qg2 31. Bh8 f6 32. Bxf6 Ba4 33. Nb3 Nxe4+ 34. Kd1 Qf3+ 35. Kc1 Bxb3 36. Bh8 Be3+ 37. Kb1 Bh6 38. Bd4 Bxc4 39. Qc2 Bd3 40.
Qxd3 Qxd3+ 0-1

[Event "*** Titled Tuesday 3|2 Blitz"]
[Site "Chess.com"]
[Date "2015.09.01"]
[Round "5"]
[White "Tomsel"]
[Black "Lapitch"]
[Result "1-0"]
[WhiteElo "2307"]
[BlackElo "2397"]
[TimeControl "180+2"]
[EndTime "12:02:10 PDT"]
[Termination "Tomsel won by resignation"]

1. d4 f5 2. Nc3 d5 3. Nf3 Nf6 4. Bg5 e6 5. Ne5 Bd6 6. f4 O-O 7. e3 c5 8. a3 Nc6 9. Be2 cxd4 10. exd4 Qb6 11. Nxc6 bxc6 12. Na4 Qa5+ 13. c3 Ne4 14.
O-O Ba6 15. Bxa6 Qxa6 16. Bh4 c5 17. dxc5 Bxc5+ 18. Nxc5 Nxc5 19. Bf2 Ne4 20. Bd4 Rab8 21. Qc2 Qb5 22. Rab1 a5 23. Rfe1 Qb3 24. Qd3 Qc4 25.
Qh3 Rb7 26. b4 a4 27. Rb2 Rc8 28. Re3 Rbc7 29. Qh4 h6 30. Be5 Rd7 31. Bd4 Kh7 32.
h3 Qb5 33. g4 g6 34. gxf5 exf5 35. Rg2 Rc6 36. Qe1 Qb8 37. Rf3 Re6 38. Qc1 Qd8 39. Qd1 Rc7 40. Qxa4 Qc8 41. Qb5 Rd6 42. Qa5 Rdd7 43. Be5 Rc6 44. Qb5 h5 45. Kh2 Qa6 46.
Qxa6 Rxa6 47. Ra2 Ra4 48. b5 Rb7 49. Rb2 Rxa3 50. Rd3 g5 51. fxg5 Nxg5 52. Rxd5 Ne4 53. c4 Ng5 54. c5 Rxh3+ 55. Kg2 Ra3 56. c6 Rf7 57. c7 Rf8 58. Rd8 Ra8 59. Rxf8 Rxf8 60.
b6 Nf7 61. Bf4 1-0

[Event "*** Titled Tuesday 3|2 Blitz"]
[Site "Chess.com"]
[Date "2015.09.01"]
[Round "5"]
[White "ItalianMachine"]
[Black "MFBerna"]
[Result "0-1"]
[WhiteElo "2195"]
[BlackElo "2141"]
[TimeControl "180+2"]
[EndTime "12:02:21 PDT"]
[Termination "MFBerna won by resignation"]

1. e4 e5 2. Nf3 Nc6 3. Bb5 Nf6 4. d3 d6 5. h3 Be7 6. O-O O-O 7. c3 Bd7 8. Ba4 Re8 9. Bc2 h6 10. Re1 Bf8 11.
d4 g6 12. Nbd2 Bg7 13. Nf1 Qe7 14. Ng3 Rad8 15. Be3 a6 16. Qd2 Kh7 17. Rad1 Nb8 18. Nh2 c5 19. d5 b5 20. f4 exf4 21. Bxf4 Qf8 22. Nf3 Bc8 23. a4 Nbd7 24. Rf1 Nb6 25. axb5 axb5 26. b3 Nfd7 27. Nh5 Bh8 28. Nh4 Ne5 29. Bxe5 Rxe5 30. Nf6+ Bxf6 31. Rxf6 Qe7 32. Rdf1 Kg7 33. Rxf7+ Qxf7 34. Rxf7+ Kxf7 35. Qxh6 Rg8 36. Nf3 Rh5 37. Qf4+ Ke7 38. e5 Nxd5 39. exd6+ Kd8 40. Qf7 Re8 41. Qxd5 Rxd5 42. Bxg6 Rxd6 43. Bxe8 Kxe8 44. Kf2 Rd3 45. c4 Rxb3 46. cxb5 Rxb5 47. Ke3 Bb7 48.
Ne1 Rb1 49. Nd3 c4 50. Ne5 Bd5 51. Kd4 Rd1+ 52. Kc3 Ke7 53. h4 Ke6 54. Ng4 Rd3+ 55. Kb2 Rg3 56. Nh6 0-1

[Event "*** Titled Tuesday 3|2 Blitz"]
[Site "Chess.com"]
[Date "2015.09.01"]
[Round "5"]
[White "Iball95"]
[Black "ChessTrener"]
[Result "1-0"]
[WhiteElo "2357"]
[BlackElo "2503"]
[TimeControl "180+2"]
[EndTime "12:02:22 PDT"]
[Termination "Iball95 won by resignation"]

1. e4 c5 2. Nf3 Nc6 3. d4 cxd4 4. Nxd4 g6 5. Nc3 Bg7 6. Be3 Nf6 7. f3 O-O 8. g4 Qb6 9. Rb1 Nxg4 10. fxg4 Bxd4 11. Nd5 Qa5+ 12. b4 Qxa2 13. Bxd4 Nxd4 14. Nxe7+ Kg7 15.
Qxd4+ f6 16. Rb2 Qe6 17. Nd5 a5 18. Be2 axb4 19. Rxb4 Ra2 20. Ne3 b5 21. O-O Bb7 22. Bf3 Bc6 23. h3 h5 24. Bg2 hxg4 25. hxg4 Kh6 26.
Rbb1 Ra4 27. Qd2 Kg7 28. Rb4 Ra3 29. Qf2 Qd6 30. Rb3 Ra4 31. Nd5 Bxd5 32. exd5 Rxg4 33.
Qf3 Rh4 34. Qg3 Qc5+ 35. Re3 Rc4 36. Qf2 Rxc2 37. Re2 Qxf2+ 38. Kxf2 Rxe2+ 39. Kxe2 Ra8 40. Rb1 Ra2+ 41. Kf3 Ra5 42. Bf1 b4 43. Bc4 Rc5 44. Rxb4 f5 45. Ke3 Kf6 46. Kd4 Rc7 47. d6 Ra7 48. Kd5 g5 49. Rb8 g4 50. Bb5 g3 51.
Rg8 Ra5 52. Kc5 f4 53. Kb6 Ra1 54. Bxd7 Ke5 55. Rg6 Rd1 56. Re6+ Kd5 57. Rg6 Ke5 58. Kc7 g2 59. Rxg2 f3 60. Rg5+ Ke4 61. Rf5 Ke3 62. Bb5 1-0

[Event "*** Titled Tuesday 3|2 Blitz"]
[Site "Chess.com"]
[Date "2015.09.01"]
[Round "5"]
[White "penguingm1"]
[Black "WarlordX"]
[Result "1-0"]
[WhiteElo "2510"]
[BlackElo "2212"]
[TimeControl "180+2"]
[EndTime "12:02:24 PDT"]
[Termination "penguingm1 won by checkmate"]

1. d4 Nf6 2. c4 g6 3. f3 Bg7 4. e4 d6 5. Nc3 Nbd7 6. Nge2 e5 7.
Bg5 h6 8. Be3 c6 9. d5 cxd5 10.
cxd5 a6 11. Qd2 h5 12. h4 Qa5 13. Nc1 Qc7 14. b4 O-O 15. Nb3 Nb6 16. Rc1 Qd8 17.
Bd3 Bd7 18. Qf2 Na4 19. Nxa4 Bxa4 20. Na5 Qe7 21. O-O Rfc8 22. Nc4 Bb5 23. Nb6 Bxd3 24. Nxc8 Qf8 25. Rfd1 Rxc8 26. Rxc8 Qxc8 27. Rxd3 Nd7 28. Qd2 Bf6 29. Rc3 Qd8 30. g3 Nb6 31. Qc2 Kg7 32.
Rc7 Nd7 33. Rc8 Qe7 34. Qc7 g5 35. Qxb7 gxh4 36. Rc7 Bg5 37. Bf2 hxg3 38. Bxg3 Qf6 39. Kg2 Nf8 40. Qxa6 Ng6 41. Qe2 h4 42. Bh2 Bf4 43.
b5 Qg5+ 44. Kh1 Bg3 45. b6 Nf4 46. Qf1 Qd8 47. Qg1 Nh5 48. a4 Qg5 49. b7 Qf4 50. Rc3 Kh6 51. b8=Q Bxh2 52. Qh8# 1-0

[Event "*** Titled Tuesday 3|2 Blitz"]
[Site "Chess.com"]
[Date "2015.09.01"]
[Round "5"]
[White "Bab3s"]
[Black "ArnaudovP"]
[Result "1/2-1/2"]
[WhiteElo "2136"]
[BlackElo "2331"]
[TimeControl "180+2"]
[EndTime "12:02:29 PDT"]
[Termination "Game drawn by repetition"]

1. e4 e5 2. Nf3 Nc6 3. Bb5 Bb4 4. O-O Nge7 5. c3 Ba5 6. d4 exd4 7. cxd4 d5 8. exd5 Qxd5 9. Nc3 Bxc3 10. Bxc6+ Nxc6 11. bxc3 O-O 12. Re1 Bg4 13. a4 Rad8 14. Rb1 b6 15. Rb5 Qc4 16. Rg5 Be6 17. Qd2 Ne7 18. Qf4 Nd5 19. Qe5 g6 20. Rg3 Rde8 21. Bh6 f6 22.
Qh5 Rf7 23. h3 Kh8 24. Qh4 Qxc3 25. Bd2 Qc2 26. Kh2 Qf5 27. Qh6 Rg8 28. Nh4 Qc2 29. Rxe6 g5 30. Nf5 Qxf5 31. Re2 Qg6 32. Qxg6 Rxg6 33.
Rb3 Kg7 34. Re8 f5 35. Ra8 a5 36. Rd8 c6 37. Kg1 h6 38. Kf1 Re6 39. Rb1 f4 40. Re1 Rxe1+ 41. Bxe1 Re7 42. Rd6 Rc7 43. Bd2 h5 44. g3 fxg3 45. fxg3 g4 46. hxg4 hxg4 47. Ke2 Ne7 48. Kd3 Nf5 49. Re6 Kf7 50. Re4 Rd7 51. Rxg4 c5 52. Rf4 Ke6 53. Kc4 Rxd4+ 54. Rxd4 Nxd4 55.
Be3 Ke5 56. g4 Ke4 57. Bf2 Nf3 58. Bxc5 bxc5 59. Kxc5 Nd4 60. Kb6 Nb3 61. Kb5 Kf4 62. Kc4 Nd2+ 63. Kb5 Nb3 64. Kc4 Nc1 65. Kb5 Nb3 66. Kc4 1/2-1/2

[Event "*** Titled Tuesday 3|2 Blitz"]
[Site "Chess.com"]
[Date "2015.09.01"]
[Round "5"]
[White "kikydu96"]
[Black "PawelCzarnota"]
[Result "0-1"]
[WhiteElo "2170"]
[BlackElo "2422"]
[TimeControl "180+2"]
[EndTime "12:02:39 PDT"]
[Termination "PawelCzarnota won by resignation"]

1. e4 c5 2. c3 Nf6 3. e5 Nd5 4. d4 cxd4 5. Nf3 d6 6. cxd4 Nc6 7.
Bc4 e6 8. O-O Be7 9. Qe2 O-O 10.
Nc3 Nxc3 11. bxc3 dxe5 12. dxe5 Qa5 13. Qe4 Rd8 14. Bd3 g6 15. Bg5 Bxg5 16. Nxg5 Qxe5 17.
Qh4 h5 18. Rad1 Qxc3 19. g4 Rxd3 20. gxh5 Rd4 21. Ne4 Rxe4 22. Qxe4 Qe5 23. Rd8+ Kg7 24.
h6+ Kh7 25. Qxe5 Nxe5 26. Rc1 Nc6 27. Rf8 Kxh6 28. Rxf7 e5 29. Rf8 a5 30. a4 Kg7 31.
Re8 Rb8 32. Rc5 Kf7 33. Rh8 Bd7 34. Rxb8 Nxb8 35. Rxa5 Ke6 36. Ra8 Nc6 37. Rg8 Kf7 38.
Rh8 Nd4 39. Rh7+ Ke6 40. Rg7 Bxa4 41. Rxg6+ Kf5 42. Rb6 Bc6 43. h3 Ne2+ 44. Kh2 Nf4 45. Kg3 Nd5 46. Rb3 b5 47. h4 b4 48. h5 Kg5 49. Kf3 Ba4 50. Rd3 e4+ 51. Kxe4 Bc2 52. Kd4 Bxd3 53. Kxd3 Kxh5 54. Kc4 Kg4 55. Kxd5 b3 56.
Ke5 b2 57. f4 b1=Q 0-1

[Event "*** Titled Tuesday 3|2 Blitz"]
[Site "Chess.com"]
[Date "2015.09.01"]
[Round "5"]
[White "myaccount88"]
[Black "xdb"]
[Result "0-1"]
[WhiteElo "2143"]
[BlackElo "2150"]
[TimeControl "180+2"]
[EndTime "12:02:40 PDT"]
[Termination "xdb won by resignation"]

1. e4 e5 2. Nf3 Nf6 3. d4 Nxe4 4. dxe5 d5 5. exd6 Bxd6 6. Bd3 Nc5 7. Be2 O-O 8. O-O Nc6 9. Nc3 Bg4 10. h3 Bh5 11.
Be3 Re8 12. Qd5 Bxf3 13. Qxf3 Ne5 14. Qd5 c6 15. Qd4 Qf6 16. Rad1 Rad8 17. f4 Ne6 18.
fxe5 Nxd4 19. Rxf6 Nxe2+ 20. Nxe2 gxf6 21. exd6 Rxe3 22. Nf4 Re4 23. Nh5 Re6 24. d7 Kf8 25. Rf1 Ke7 26. Ng7 Re5 27. Ne8 Rxd7 28. Nxf6 Rd2 29. Ng8+ Kf8 30. Nh6 Ree2 31. Rxf7+ Ke8 32. Rg7 Rxc2 33.
Nf5 Rxb2 34. Nd6+ Kf8 35. Rg3 b5 36. Nf5 Rxa2 37. Nd4 Re1+ 38. Kh2 Rc1 39. Ne6+ Ke7 40. Ng5 h6 41. Ne4 Rcc2 42. Rg6 c5 43. h4 h5 44. Nd6 b4 45. Nf5+ Kf7 46. Rg5 b3 47.
Nd6+ Ke6 48. Ne4 Rxg2+ 49. Rxg2 Rxg2+ 50. Kxg2 Kd5 51. Kf3 b2 52. Ke3 Kc4 53. Nd2+ Kc3 54. Ne4+ Kc2 55. Nxc5 b1=Q 0-1

[Event "*** Titled Tuesday 3|2 Blitz"]
[Site "Chess.com"]
[Date "2015.09.01"]
[Round "5"]
[White "alturas_pacificas"]
[Black "ilmago"]
[Result "1/2-1/2"]
[WhiteElo "2005"]
[BlackElo "1828"]
[TimeControl "180+2"]
[EndTime "12:02:43 PDT"]
[Termination "Game drawn by agreement"]

1. d4 Nf6 2. Bf4 d6 3. e3 g6 4. Nf3 Bg7 5. Be2 O-O 6. O-O c5 7. h3 Nc6 8. c3 Re8 9. Bh2 Qb6 10. Qb3 Ne4 11. Nbd2 Qxb3 12. axb3 Nxd2 13. Nxd2 cxd4 14. exd4 e5 15. dxe5 dxe5 16. Ne4 Rd8 17. Bc4 Bf5 18. Ng5 Rd7 19. Rad1 Rad8 20. Rxd7 Rxd7 21.
Re1 h6 22. Nf3 e4 23. Nh4 Rd2 24. g4 Bd7 25. Nxg6 Rxb2 26. Rxe4 Bxc3 27. Ne7+ Nxe7 28. Rxe7 Rb1+ 29. Kg2 Bc6+ 30. Kg3 b5 31. Bxf7+ Kf8 32. Bg6 Kxe7 33. Bxb1 Bd5 34. Bc2 a5 35. h4 Bc6 36.
g5 hxg5 37. hxg5 a4 38. bxa4 bxa4 39. f4 a3 40. Bb3 Be1+ 41. Kg4 Ba4 42. Ba2 Bd1+ 43.
Kf5 Bc2+ 44. Kg4 Bd1+ 45. Kf5 Bc2+ 46. Ke5 Bc3+ 47. Kd5 Bf5 48. Kc4 Bb2 49. Kb4 Bc1 50. Bg1 Bxf4 51. Bc5+ Kd7 52. Kxa3 Bxg5 53. Bc4 1/2-1/2

[Event "*** Titled Tuesday 3|2 Blitz"]
[Site "Chess.com"]
[Date "2015.09.01"]
[Round "5"]
[White "Hafez_Bakr"]
[Black "AndrewMcStone"]
[Result "1-0"]
[WhiteElo "1727"]
[BlackElo "1924"]
[TimeControl "180+2"]
[EndTime "12:02:44 PDT"]
[Termination "Hafez_Bakr won by resignation"]

1. e4 Nc6 2. Nf3 d5 3. d4 dxe4 4. Ne5 Qxd4 5. Nxc6 Qxd1+ 6. Kxd1 bxc6 7. Nc3 Bg4+ 8. Be2 O-O-O+ 9. Ke1 Bxe2 10. Kxe2 Nf6 11. Be3 e6 12. Rhd1 Be7 13. Bg5 Rxd1 14. Rxd1 Rd8 15.
Rxd8+ Bxd8 16. b3 Nd5 17. Nxe4 f6 18. Bd2 f5 19. Nc5 Bf6 20. Nxe6 Be5 21. Nc5 Bxh2 22. g3 f4 23. Kf3 fxg3 24. fxg3 Bg1 25. Ne6 g6 26. c4 Ne7 27. Nf8 h5 28. Bg5 Nf5 29. Nxg6 Nd4+ 30. Ke4 Nc2 31. Bd2 Kd7 32. Nf4 Nd4 33. Nxh5 Ne6 34. Nf4 Ng5+ 35. Kf5 Nf3 36. Bc3 Bh2 37. g4 Nh4+ 38. Ke4 Kd6 39. g5 Ke7 40. g6 Bxf4 41. Kxf4 Nxg6+ 42. Kf5 Nf8 43. Ke5 Kd7 44. Kd4 Ne6+ 45. Ke4 Kd6 46. Bb4+ Nc5+ 47. Bxc5+ Kxc5 48. a3 a5 49. Ke5 a4 50. bxa4 Kxc4 51. Ke6 Kb3 52. a5 c5 53. a6 c4 54. a7 c3 55. a8=Q c2 56. Qb7+ Ka2 57. Qxc7 Kb2 58. Qxc2+ 1-0

[Event "*** Titled Tuesday 3|2 Blitz"]
[Site "Chess.com"]
[Date "2015.09.01"]
[Round "5"]
[White "pKiLz5Rn9b"]
[Black "Aygehovit1992"]
[Result "1-0"]
[WhiteElo "2425"]
[BlackElo "2328"]
[TimeControl "180+2"]
[EndTime "12:02:57 PDT"]
[Termination "pKiLz5Rn9b won by checkmate"]

1. e4 c5 2. c3 e6 3. d4 d5 4. exd5 exd5 5. Nf3 Nf6 6. Bb5+ Nc6 7. O-O Be6 8. Ng5 Qd7 9. Bf4 a6 10. Bxc6 Qxc6 11. Re1 Be7 12. Qe2 Kd7 13. Nd2 Rhe8 14. Ndf3 Bd6 15. Ne5+ Bxe5 16. Bxe5 h6 17. Nf3 Bg4 18. h3 Bf5 19. Qe3 Be4 20. Qf4 Bxf3 21. Qxf3 Re6 22. Qg3 Ne8 23. dxc5 Qxc5 24. Bd4 Qd6 25.
f4 g6 26. Rxe6 Qxe6 27. Re1 Qd6 28. Qh4 h5 29. f5 gxf5 30. Qxh5 Qg6 31. Qf3 Nc7 32.
h4 Re8 33. Rxe8 Kxe8 34. h5 Qh7 35. Be3 b5 36. h6 Ne6 37. Qxd5 f4 38. Qc6+ Ke7 39. Bxf4 Qb1+ 40. Kh2 Qf5 41. Qd6+ Kf6 42. Be3 Qh5+ 43. Kg1 Qh4 44. Qd2 Kg6 45. Qf2 Qh5 46. Qf3 Qh4 47. Qf2 Qh5 48. Qg3+ Kh7 49.
Qf3 Qg6 50. b3 a5 51. c4 bxc4 52. bxc4 a4 53. c5 Nd8 54. Qf4 Qb1+ 55. Kh2 Qxa2 56. c6 Qc2 57. Qf6 Qd3 58. Qg7# 1-0

[Event "*** Titled Tuesday 3|2 Blitz"]
[Site "Chess.com"]
[Date "2015.09.01"]
[Round "5"]
[White "VSERGUEI"]
[Black "oggy1984"]
[Result "0-1"]
[WhiteElo "2519"]
[BlackElo "2428"]
[TimeControl "180+2"]
[EndTime "12:03:06 PDT"]
[Termination "oggy1984 won on time"]

1. d4 Nf6 2. c4 e6 3. Nc3 Bb4 4.
f3 d5 5. a3 Bxc3+ 6. bxc3 c5 7.
cxd5 exd5 8. e3 Nc6 9. Bd3 O-O 10. Ne2 Re8 11. O-O Qe7 12. Ng3 Bd7 13. Ra2 b6 14. Re2 h5 15. Bb2 h4 16. Nh1 h3 17.
g4 Nxg4 18. fxg4 Bxg4 19. Ng3 Bxe2 20. Qxe2 Qxe3+ 21. Qxe3 Rxe3 22. Bf5 cxd4 23. cxd4 Rb3 24.
Rf2 Re8 25. Bxh3 Re1+ 26. Nf1 Rxh3 27. Rc2 Na5 28. Bc3 Rb1 29. Kg2 Rd3 30. Bxa5 bxa5 31. Ng3 g6 32. Rc5 a4 33. Rxd5 Rxa3 34. Ra5 Rb2+ 35.
Kh3 Raa2 36. Rxa7 Rxh2+ 37. Kg4 a3 38. Kf4 Rhd2 39. Ke5 Kg7 40. Ne4 Rd1 41. Nd6 Rf1 42. Kd5 Raa1 43. Kc6 a2 44. Kd7 Rf2 45. Kd8 Rd1 46.
Nxf7 a1=Q 47. Rxa1 Rxa1 48. Ne5 Rd2 49. Nc6 Rxd4+ 50.
Nxd4 Rd1 51. Ke7 Rxd4 52. Ke6 Re4+ 53. Kd5 Re1 54. Kd4 g5 55. Kd3 g4 56. Kd2 Re8 57. Kd3 g3 58. Kd2 g2 59. Kd3 g1=Q 60.
Kc2 Qd4 61. Kb3 Re3+ 62. Kc2 Rc3+ 63. Kb1 Qb4+ 0-1

[Event "*** Titled Tuesday 3|2 Blitz"]
[Site "Chess.com"]
[Date "2015.09.01"]
[Round "5"]
[White "AlexanderL"]
[Black "jkidjr22"]
[Result "1-0"]
[WhiteElo "2513"]
[BlackElo "2272"]
[TimeControl "180+2"]
[EndTime "12:03:07 PDT"]
[Termination "AlexanderL won by checkmate"]

1. d4 a6 2. e4 e6 3. Bd3 b5 4. f4 Bb7 5. Nf3 Nf6 6. Qe2 c5 7. c3 Nc6 8. a3 Rc8 9. O-O Be7 10. h3 d6 11. Be3 Na5 12. Nbd2 Qd7 13. Rad1 cxd4 14. Nxd4 Nc4 15. Bxc4 bxc4 16. Bf2 Qc7 17.
g4 d5 18. e5 Nd7 19. Bg3 Qb6 20. Rb1 g6 21. f5 O-O 22. f6 Bc5 23. Bf2 Qc7 24.
N2f3 Rfe8 25. Rbe1 Bf8 26. Nc2 Bc6 27. Bd4 Ba4 28. Ne3 Rb8 29. Rf2 Nc5 30. Bxc5 Bxc5 31. Qd2 Rb7 32. Ree2 Reb8 33. Qe1 Qb6 34. Kg2 Qa7 35.
Qc1 Bc6 36. Kg3 h6 37. Ng2 Bxf2+ 38. Rxf2 Kh7 39. Nd4 Be8 40. Nh4 Rb6 41. Nhf3 Qb7 42. Ng5+ Kh8 43. Ne4 Kh7 44. Ng5+ Kh8 45. h4 Qc7 46.
Ngf3 Kh7 47. h5 R8b7 48. hxg6+ fxg6 49. Rh2 h5 50. gxh5 gxh5 51. Qg5 Qf7 52. Qf4 Qg6+ 53. Ng5+ Kh6 54. Kh4 Rxb2 55. Rxb2 Rxb2 56. Ndxe6 Rg2 57. f7 Rg4+ 58. Qxg4 hxg4 59. f8=Q+ Qg7 60. Qxg7# 1-0

[Event "*** Titled Tuesday 3|2 Blitz"]
[Site "Chess.com"]
[Date "2015.09.01"]
[Round "5"]
[White "amazingoid"]
[Black "Storne89"]
[Result "0-1"]
[WhiteElo "2321"]
[BlackElo "2490"]
[TimeControl "180+2"]
[EndTime "12:03:22 PDT"]
[Termination "Storne89 won by resignation"]

1. e4 e5 2. Nf3 Nc6 3. Nc3 Nf6 4. Bb5 Bd6 5. O-O O-O 6. d3 a6 7. Ba4 Re8 8. Bg5 h6 9. Bh4 b5 10. Bb3 Be7 11. Re1 d6 12. h3 Na5 13. Bg3 Nxb3 14. axb3 Bb7 15. d4 exd4 16. Qxd4 Bf8 17. Rad1 c5 18. Qd3 Qb6 19. Bh4 Nd7 20. Nd5 Bxd5 21.
Qxd5 Rac8 22. Bg3 Re6 23. e5 Nxe5 24. Nxe5 dxe5 25. Rxe5 Rd6 26. Qf3 Rxd1+ 27. Qxd1 Bd6 28. Re3 Bxg3 29. Rxg3 Re8 30. Qd5 Qc7 31. Qd3 Re1+ 32. Kh2 Re6 33. Qd5 Qe7 34. Rf3 g6 35. g3 h5 36. h4 Kg7 37. Kg2 Re2 38. Rc3 Re5 39.
Qf3 Rf5 40. Qc6 Qe2 41. Rf3 Rxf3 42. Qxf3 Qxc2 43. Qe3 Qxb2 44. Qxc5 Qxb3 45. Qe5+ Kh7 46. g4 hxg4 47. h5 Qf3+ 48. Kg1 Qf5 49. hxg6+ Kxg6 50. Qd6+ Qe6 51. Qd3+ f5 52. Qd8 f4 53. Qb8 Kf5 54.
Qf8+ Ke4 55. Qb4+ Qc4 56. Qe1+ Kd4 57. Qa1+ Kc5 58. Qxa6 b4 59. Qc8+ Kb5 60. Qb7+ Ka4 61. Qa8+ Kb3 62. Kg2 Kc2 63. Qe8 b3 64. Qg6+ Qd3 65.
Qc6+ Kd1 66. Qb6 g3 67. fxg3 Qxg3+ 68. Kf1 Qf3+ 69. Kg1 Qe3+ 0-1

[Event "*** Titled Tuesday 3|2 Blitz"]
[Site "Chess.com"]
[Date "2015.09.01"]
[Round "5"]
[White "joppie2"]
[Black "dretch"]
[Result "1/2-1/2"]
[WhiteElo "2370"]
[BlackElo "2613"]
[TimeControl "180+2"]
[EndTime "12:03:44 PDT"]
[Termination "Game drawn by agreement"]

1. e4 e6 2. d4 d5 3. Nd2 c5 4. Ngf3 cxd4 5. exd5 Qxd5 6. Bc4 Qd6 7. O-O Nf6 8. Qe2 Nc6 9. Rd1 Be7 10. Nb3 e5 11. c3 O-O 12. Bg5 Bg4 13. h3 Bh5 14. g4 Nxg4 15. hxg4 Bxg4 16. Bxe7 Qxe7 17. Qe4 Bxf3 18.
Qxf3 e4 19. Re1 Ne5 20. Qxe4 Qg5+ 21. Qg2 Qxg2+ 22. Kxg2 Nxc4 23. Nxd4 Rfe8 24. b3 Nd6 25. c4 Kf8 26. c5 Ne4 27. b4 Rad8 28. Rad1 h5 29.
Nf5 Rxd1 30. Rxd1 g6 31. Ne3 Nc3 32. Rd7 Re7 33. Rd3 Nxa2 34. b5 Nb4 35. Rd8+ Kg7 36. Rd4 a5 37. Nc4 Nc2 38. Rd2 Ne1+ 39. Kf1 Nf3 40. Ra2 h4 41. Ra3 Re1+ 42. Kg2 Rg1+ 43. Kh3 g5 44. Rxf3 Rc1 45. Nd6 Rxc5 46. Rxf7+ Kg6 47. Rxb7 Rc3+ 48. Kh2 Rd3 49. Ne4 Kf5 50. Re7 Rb3 51. Nd6+ Kg4 52. Re4+ Kh5 53. Ra4 Rb2 54.
Kg2 g4 55. Rxa5 h3+ 56. Kg3 Rb3+ 57. Kh2 Rb2 58. Ne4 Kh4 59. Ra8 g3+ 60. Nxg3 Rxf2+ 61. Kg1 Rg2+ 62. Kh1 Kxg3 63. Rg8+ Kf2 64. Rf8+ Kg3 65.
Rg8+ Kf2 66. Ra8 Rg5 67. b6 Rb5 68. Rb8 Kg3 69. Rg8+ Kf4 70. Rb8 Kg3 71. Rg8+ Kf4 72. Rg6 Kf5 73. Rh6 Rb2 74. Kg1 Kg4 75. Rg6+ Kf4 76.
Rc6 Kg3 77. Rg6+ Kf3 1/2-1/2